 Dungeon Crawl Stone Soup version 0.23.2 (webtiles) character file.

Game seed: 16916020989973006583

3295 Kinoniko the Cutter (level 9, -2/73 HPs)
             Began as a Demonspawn Chaos Knight on Apr 2, 2019.
             Was a Follower of Makhleb.
             Slain by a wight
             ... wielding a cursed +2 halberd
              (3 damage)
             ... on level 7 of the Dungeon.
             The game lasted 00:29:47 (7920 turns).

Kinoniko the Cutter (Demonspawn Chaos Knight)       Turns: 7920, Time: 00:29:47

Health: -2/73      AC:  7    Str: 14    XL:     9   Next: 69%
Magic:  8/8        EV: 11    Int: 13    God:    Makhleb [*.....]
Gold:   43         SH:  4    Dex: 20    Spells: 8/8 levels left

rFire    . . .     SeeInvis .   g - +6 short sword (elec)
rCold    + . .     Gourm    .   I - +0 buckler
rNeg     . . .     Faith    .   A - +3 leather armour {rC+}
rPois    .         Spirit   .   (helmet restricted)
rElec    +         Reflect  .   (no cloak)
rCorr    .         Harm     .   (no gloves)
MR       +....                  (no boots)
Stlth    +++++.....             m - amulet of magic regeneration
HPRegen  0.22/turn              p - ring of protection from magic
MPRegen  0.36/turn              e - +5 ring of dexterity

@: heavily drained
A: antennae 1, rugged brown scales 1, low mp 1, nightstalker 2, electricity
resistance, MP-powered wands
a: Renounce Religion


You were on level 7 of the Dungeon.
You worshipped Makhleb.
Makhleb was aware of your devotion.
You were not hungry.

You visited 2 branches of the dungeon, and saw 8 of its levels.

You collected 361 gold pieces.
You spent 318 gold pieces at shops.

Inventory:

Hand Weapons
 a - a +0 falchion of chaos
 g - a +6 short sword of electrocution (weapon)
 t - a +2 mace of holy wrath
 D - a +2 dagger of venom
 E - a +2 whip of electrocution
Missiles
 h - 4 exploding tomahawks
 j - 14 tomahawks (quivered)
 l - 3 javelins
 K - 2 throwing nets
Armour
 b - a +3 leather armour
 o - a +0 scale mail
 A - a +3 leather armour of cold resistance (worn)
 H - the +3 ring mail of Filth {-Cast rF+ rN++, unknown}
   (You found it on level 7 of the Dungeon)

   It protects you from fire.
   It greatly protects you from negative energy.
   It prevents spellcasting.
 I - a +0 buckler (worn)
Jewellery
 e - a +5 ring of dexterity (right hand)
 k - a -5 ring of dexterity
 m - an amulet of magic regeneration (around neck)
 n - an uncursed ring of see invisible
 p - a ring of protection from magic (left hand)
 r - an uncursed ring of protection from cold
Wands
 s - a wand of digging (6)
 y - a wand of iceblast (6)
 J - a wand of flame (25)
Scrolls
 f - 2 scrolls of teleportation
 u - a scroll of immolation
 v - 7 scrolls of identify
 x - 2 scrolls of enchant armour
 B - a scroll of remove curse
 G - a scroll of fear
Potions
 d - a potion of degeneration {unknown}
 i - 2 potions of invisibility
 q - 3 potions of heal wounds {unknown}
 w - 2 potions of agility {unknown}
 z - a potion of haste {unknown}
 F - a potion of flight {unknown}
Comestibles
 c - 13 rations


   Skills:
 + Level 6.8(4.6) Fighting
 + Level 7.3(5.5) Short Blades
 + Level 3.2(3.6) Long Blades
 + Level 0.7(0.0) Throwing
 + Level 4.3(2.3) Armour
 + Level 3.7(1.7) Dodging
 + Level 6.4(4.2) Stealth
 + Level 0.1(0.0) Shields


You had 8 spell levels left.
You didn't know any spells.
Your spell library was empty.

Dungeon Overview and Level Annotations

Branches:
Dungeon (7/15)             Temple (1/1) D:5

Altars:
Ashenzari
Dithmenos
Elyvilon
Fedhas
Gozag
Hepliaklqana
Makhleb
Nemelex Xobeh
Okawaru
Qazlal
Ru
Sif Muna
Trog
Uskayaw
Wu Jian
Zin
The Shining One

Shops:
D:5 ?   D:7 *?}


Innate Abilities, Weirdness & Mutations

You have a pair of small antennae on your head.
You are partially covered in rugged brown scales. (AC +1, +3% HP)
You are significantly more attuned to the shadows.
Your magical capacity is low. (-10% MP)
You are resistant to electric shocks. (rElec)
You expend magic power (3 MP) to strengthen your wands.


Message History

You hit the wight. Lightning courses through the wight!
You destroy the wight!
Makhleb accepts your kill.
The wight hits you from afar with a cursed +2 halberd!
* * * LOW HITPOINT WARNING * * *
The wight throws a stone.
You block the stone. The wight misses you. The wight barely misses you.
Items here: ))) ? [[[ You hit the wight.
The wight is lightly damaged.
The wight misses you.
You hit the wight.
The wight is moderately damaged.
The wight hits you with a +0 great sword.
* * * LOW HITPOINT WARNING * * *
You feel drained.
Your shield prevents you from hitting the wight.
The wight is moderately damaged.
The wight hits you with a cursed +2 halberd.
You die...

## #.### ######...# #
.###.....#######...#######
.........#...............#
.........#..≈≈≈....#...#.#
.........#.≈≈≈≈≈...#.#.#
.........#.≈≈∩....####.#
.........#.≈≈≈≈≈.......#
.....∩...###≈≈≈###(#####
.........#####.z@((#
....#.####.....z####
................#
+#+#.........(..#
..........#### ........(#
...........# ........#
........#


You could see 2 wights.

Vanquished Creatures
  Pikel (D:6)
  A hippogriff (D:7)
  3 hungry ghosts (D:7)
  Edmund (D:5)
  A sky beast (D:7)
  2 phantoms
  2 ice beasts
  2 ogres (D:7)
  Blork the orc (D:6)
  3 centaurs
  3 bullfrogs
  A scorpion (D:4)
  3 wights (D:7)
  2 crimson imps
  A quasit (D:7)
  3 hounds
  4 orc priests
  A bullfrog skeleton (D:7)
  6 orc wizards
  4 worker ants
  Ijyb (D:5)
  A hound skeleton (D:5)
  3 gnolls (D:3)
  A worker ant zombie (D:5)
  8 adders
  An ooze (D:3)
  2 adder skeletons
  2 worms (D:2)
  2 dart slugs (D:2)
  6 leopard geckos
  12 orcs
  A ball python (D:2)
  5 bats
  8 giant cockroaches
  3 goblins
  8 hobgoblins
  7 jackals
  7 quokkas
  10 frilled lizards
  10 kobolds
  7 rats
150 creatures vanquished.

Notes
Turn   | Place    | Note
-------+----------+-------------------------------------------
     0 | D:1      | Kinoniko the Demonspawn Chaos Knight began the quest for
                  | the Orb.
     0 | D:1      | Reached XP level 1. HP: 18/18 MP: 1/1
    86 | D:1      | Gained mutation: You are slightly more attuned to the
                  | shadows. [demonic ancestry]
    86 | D:1      | Reached XP level 2. HP: 23/24 MP: 2/2
   198 | D:1      | XOM: silly message
   619 | D:2      | Reached skill level 1 in Dodging
   665 | D:2      | Reached XP level 3. HP: 29/30 MP: 3/3
   929 | D:2      | XOM: divination: detect items
   950 | D:2      | XOM: harmless Tloc miscast
   964 | D:2      | Gained mutation: You are significantly more attuned to the
                  | shadows. [demonic ancestry]
   964 | D:2      | Reached XP level 4. HP: 32/37 MP: 4/4
  1025 | D:2      | XOM: silly message
  1294 | D:2      | XOM: harmless Hex miscast
  1624 | D:3      | Reached skill level 1 in Short Blades
  1629 | D:3      | Reached skill level 1 in Stealth
  1961 | D:3      | XOM: silly message
  2283 | D:3      | Noticed a bullfrog
  2288 | D:3      | XOM: divination: magic mapping
  2289 | D:3      | XOM: potion effect (agility)
  2293 | D:3      | Killed a bullfrog
  2293 | D:3      | Reached skill level 2 in Short Blades
  2293 | D:3      | Reached XP level 5. HP: 42/42 MP: 5/5
  2329 | D:3      | XOM: give mutations
  2329 | D:3      | Gained mutation: You are somewhat resistant to further
                  | mutation. [Xom's grace]
  2329 | D:3      | Gained mutation: Your mind is acute. (Int +2) [Xom's grace]
  2329 | D:3      | Gained mutation: Your muscles are strong. (Str +2) [Xom's
                  | grace]
  2329 | D:3      | Gained mutation: You expend magic power (3 MP) to
                  | strengthen your wands. [Xom's grace]
  2494 | D:3      | XOM: cloud trail
  2498 | D:3      | XOM: god gift: scale mail {god gift}
  2641 | D:3      | XOM is BORED!
  2641 | D:3      | XOM: draining
  2802 | D:3      | Reached XP level 6. HP: 48/48 MP: 6/6
  2900 | D:4      | XOM: divination: magic mapping
  3155 | D:4      | Reached skill level 3 in Short Blades
  3156 | D:4      | XOM: butterfly on damage
  3173 | D:4      | Lost mutation: Your muscles are strong. (Str +2) [potion of
                  | mutation]
  3173 | D:4      | Lost mutation: Your mind is acute. (Int +2) [potion of
                  | mutation]
  3173 | D:4      | Lost mutation: You are somewhat resistant to further
                  | mutation. [potion of mutation]
  3173 | D:4      | Gained mutation: Scrolls take you a little longer to read.
                  | [potion of mutation]
  3173 | D:4      | Lost mutation: Scrolls take you a little longer to read.
                  | [potion of mutation]
  3173 | D:4      | Gained mutation: Your magical capacity is low. (-10% MP)
                  | [potion of mutation]
  3173 | D:4      | Gained mutation: You are resistant to electric shocks.
                  | (rElec) [potion of mutation]
  3497 | D:4      | XOM: cloud trail
  3505 | D:4      | Reached XP level 7. HP: 55/55 MP: 6/6
  3650 | D:4      | Found a hide-covered altar of Uskayaw.
  3795 | D:4      | XOM: mild Pois miscast
  3961 | D:5      | Entered Level 5 of the Dungeon
  4018 | D:5      | Found a staircase to the Ecumenical Temple.
  4026 | Temple   | Entered the Ecumenical Temple
  4149 | Temple   | XOM: silly message
  4328 | Temple   | Fell from the grace of Xom
  4328 | Temple   | Became a worshipper of Makhleb the Destroyer
  4348 | D:5      | Noticed Edmund
  4359 | D:5      | Killed Edmund
  4376 | D:5      | XOM: give mutations
  4376 | D:5      | Gained mutation: Your body sometimes deteriorates upon
                  | taking damage. [Xom's mischief]
  4376 | D:5      | Lost mutation: Your body sometimes deteriorates upon taking
                  | damage. [Xom's mischief]
  4479 | D:5      | XOM: medium Tloc miscast
  4746 | D:5      | Reached skill level 4 in Short Blades
  4913 | D:5      | XOM: medium Fire miscast
  5003 | D:5      | XOM: 2-stop teleportation journey
  5045 | D:5      | Reached skill level 5 in Fighting
  5278 | D:5      | Noticed Ijyb
  5281 | D:5      | Killed Ijyb
  5367 | D:5      | Found Toit's Magic Scroll Shoppe.
  5370 | D:5      | Bought a scroll of enchant armour for 82 gold pieces
  5370 | D:5      | Bought a scroll of enchant weapon for 82 gold pieces
  5370 | D:5      | Bought a scroll of enchant armour for 82 gold pieces
  5530 | D:5      | XOM: severe Ice miscast
  5876 | D:5      | Found a white marble altar of Elyvilon.
  5974 | D:6      | Gained mutation: You are partially covered in rugged brown
                  | scales. (AC +1, +3% HP) [demonic ancestry]
  5974 | D:6      | Reached XP level 8. HP: 56/63 MP: 7/7
  6298 | D:6      | Reached skill level 5 in Short Blades
  6487 | D:6      | XOM: summons 1 hostile demon
  6488 | D:6      | Noticed a smoke demon
  6700 | D:6      | Found a bloodstained altar of Trog.
  6701 | D:6      | Found an opulent altar of Gozag.
  6729 | D:6      | Noticed Pikel
  6748 | D:6      | Killed Pikel
  6748 | D:6      | Reached skill level 5 in Stealth
  6765 | D:6      | Noticed Blork the orc
  6774 | D:6      | Killed Blork the orc
  6937 | D:6      | XOM: noise
  7086 | D:7      | Reached skill level 6 in Short Blades
  7086 | D:7      | Gained mutation: You have a pair of small antennae on your
                  | head. [demonic ancestry]
  7086 | D:7      | Reached XP level 9. HP: 71/71 MP: 8/8
  7129 | D:7      | Got an encrusted ring mail
  7299 | D:7      | Found Fasti's Assorted Antiques.
  7626 | D:7      | Reached skill level 7 in Short Blades
  7714 | D:7      | Found Rarai's Magic Scroll Shoppe.
  7720 | D:7      | Bought 3 scrolls of identify for 72 gold pieces
  7731 | D:7      | Reached * piety under Makhleb
  7847 | D:7      | Found Vyabeij's Gadget Emporium.
  7919 | D:7      | HP: 1/73 [wight/+0 great sword (5)]
  7920 | D:7      | Slain by a wight

Skill      XL: |  1  2  3  4  5  6  7  8  9 |
---------------+----------------------------+-----
Long Blades    | 3 |  3.2
Dodging        | 1 2 3 |  3.7
Armour         | 2 3 4 |  4.3
Short Blades   | 2 3 4 6 7 |  7.3
Stealth        | 1 2 3 4 5 6 |  6.4
Fighting       | 4 5 6 |  6.8
Throwing       | |  0.7
Shields        | |  0.1

Action                   |  1- 3 |  4- 6 |  7- 9 || total
-------------------------+-------+-------+-------++-------
Melee: Falchion          |    31 |       |       ||    31
       Short sword       |    51 |   145 |   201 ||   397
Throw: Tomahawk          |       |     4 |       ||     4
  Use: Scroll            |       |     8 |    10 ||    18
       Potion            |       |     5 |     1 ||     6
 Stab: Sleeping          |     4 |    14 |    15 ||    33
       Distracted        |       |       |     1 ||     1
  Eat: Ration            |       |     2 |     6 ||     8
       Chunk             |       |     2 |       ||     2
Armor: Leather armour    |    32 |    30 |    50 ||   112
Dodge: Dodged            |    34 |   101 |   109 ||   244
Block: Buckler           |       |       |    11 ||    11
       Rpst.: Falchion   |     2 |       |       ||     2
